SA
MT. VERNON BULLS @ CONNETQUOT CHIEFS
07/12/2025
 
TOP OF THE 1ST
Mt. Vernon Bulls batting - Pitching for Connetquot Chiefs : RHP Min-gook Chong
Pitching: RHP Min-gook Chong
Batting: RHB Noël Sassetti 0-0: Ball
1-0: Ball
2-0: Swinging Strike
2-1: Swinging Strike
2-2: Strikes out swinging
Batting: SHB Marvin Fitton 0-0: Ball
1-0: Called Strike
1-1: Foul Ball, location: 2F
1-2: Foul Ball, location: 2F
1-2: Ball
2-2: Ball
3-2: SINGLE (Line Drive, 4D)
Batting: LHB Alex Reid 0-0: Foul Ball, location: 2F
0-1: Ball
1-1: Ball
2-1: Foul Ball, location: 2F
2-2: Foul Ball, location: 2F
2-2: Fly out, F6 (Popup, 6M)
Batting: RHB Manny Álvarez 0-0: Ball
Marvin Fitton is caught stealing 2nd base
Top of the 1st over - 0 run(s), 1 hit(s), 0 error(s), 0 left on base; Mt. Vernon 0 - Connetquot 0
BOTTOM OF THE 1ST
Connetquot Chiefs batting - Pitching for Mt. Vernon Bulls : RHP Jorge Chávez
Pitching: RHP Jorge Chávez
Batting: RHB Javier Cordero 0-0: Swinging Strike
0-1: Swinging Strike
0-2: Ball
1-2: Ball
2-2: Fly out, F9 (Flyball, 89M)
Batting: RHB Mario Rivera 0-0: Ball
1-0: Ball
2-0: Ball
3-0: Called Strike
3-1: Base on Balls
Batting: RHB Jim Unknown 0-0: Ball
1-0: Ball
2-0: Foul Ball, location: 2F
2-1: Ball
3-1: Base on Balls
Mario Rivera to second
Batting: RHB Jesús Quintana 0-0: Called Strike
0-1: Ball
1-1: Fielders Choice at 2nd, 6-4 (Groundball, 56)
Mario Rivera to third
Batting: RHB Geoffrey Broekhuizen 0-0: Ball
1-0: Called Strike
1-1: Ball
2-1: SINGLE (Line Drive, 56D)
Mario Rivera scores
Jesús Quintana to second
Runner from 2nd tries for 3rd, SAFE, throw made to third
Batting: RHB Dale Quick 0-0: Ball
1-0: Ball
2-0: Ball
3-0: Called Strike
3-1: SINGLE (Groundball, 56D)
Jesús Quintana scores
Geoffrey Broekhuizen to second
Batting: RHB Sang Hong-Do 0-0: Ball
1-0: Foul Ball, location: 2F
1-1: Fly out, F3 (Flyball, 3D)
Bottom of the 1st over - 2 run(s), 2 hit(s), 0 error(s), 2 left on base; Mt. Vernon 0 - Connetquot 2
TOP OF THE 2ND
Mt. Vernon Bulls batting - Pitching for Connetquot Chiefs : RHP Min-gook Chong
Batting: RHB Manny Álvarez 0-0: Ball
1-0: Foul Ball, location: 2F
1-1: Reached on error, E4 (Groundball, 4)
Batting: RHB Rafael López 0-0: Fly out, F5 (Popup, 5D)
Batting: RHB Ken Gardner 0-0: Foul Ball, location: 2F
0-1: Called Strike
0-2: Ball
1-2: Foul Ball, location: 2F
1-2: Ground out 5-3 (Groundball, 5S)
Manny Álvarez to second
Batting: SHB José Macías 0-0: Called Strike
0-1: Ball
1-1: SINGLE (Groundball, 6MD)
Manny Álvarez to third
Runner from 3rd tries for Home, throw and OUT!
Top of the 2nd over - 0 run(s), 1 hit(s), 1 error(s), 1 left on base; Mt. Vernon 0 - Connetquot 2
BOTTOM OF THE 2ND
Connetquot Chiefs batting - Pitching for Mt. Vernon Bulls : RHP Jorge Chávez
Batting: RHB Otis Brewer 0-0: Swinging Strike
0-1: Called Strike
0-2: Strikes out swinging
Batting: SHB Josh Sanders 0-0: Ball
1-0: Called Strike
1-1: Foul Ball, location: 2F
1-2: Ball
2-2: Ball
3-2: SINGLE (Groundball, 6M) (infield hit)
Batting: RHB Javier Cordero 0-0: Ball
1-0: Ground out 5-3 (Groundball, 56S)
Josh Sanders to second
Batting: RHB Mario Rivera 0-0: Called Strike
0-1: Ball
1-1: SINGLE (Line Drive, 6)
Josh Sanders to third
Batting: RHB Jim Unknown 0-0: Foul Ball, location: 2F
0-1: Ball
1-1: Called Strike
1-2: Fly out, F9 (Flyball, 89S)
Bottom of the 2nd over - 0 run(s), 2 hit(s), 0 error(s), 2 left on base; Mt. Vernon 0 - Connetquot 2
TOP OF THE 3RD
Mt. Vernon Bulls batting - Pitching for Connetquot Chiefs : RHP Min-gook Chong
Batting: RHB Louis Litt 0-0: SINGLE (Groundball, 56S) (infield hit)
Batting: RHB Ryan Robbins 0-0: Ball
1-0: Called Strike
1-1: Foul Ball, location: 2F
1-2: SINGLE (Flyball, 78S)
Louis Litt to second
Batting: RHB Noël Sassetti 0-0: Called Strike
0-1: Foul Ball, location: 2F
0-2: Strikes out looking
Batting: SHB Marvin Fitton 0-0: Ball
1-0: SINGLE (Groundball, 6D)
Louis Litt to third
Ryan Robbins to second
Runner from 3rd tries for Home, SAFE, throw made home
Ryan Robbins to third
Marvin Fitton to second
Batting: LHB Alex Reid 0-0: Swinging Strike
0-1: Ball
1-1: Ball
2-1: Foul Ball, location: 2F
2-2: SINGLE (Groundball, 6MD)
Ryan Robbins scores
Marvin Fitton to third
Runner from 3rd tries for Home, SAFE, no throw
Batting: RHB Manny Álvarez 0-0: Ball
1-0: Ball
2-0: Foul Ball, location: 2F
2-1: Called Strike
2-2: Strikes out swinging
Batting: RHB Rafael López 0-0: Called Strike
0-1: Foul Ball, location: 2F
0-2: Ball
1-2: Ball
2-2: Ball
Wild Pitch!
Alex Reid to second
3-2: SINGLE (Line Drive, 6MD)
Alex Reid to third
Alex Reid scores
Batting: RHB Ken Gardner 0-0: Called Strike
0-1: Ball
1-1: Fielders Choice at 2nd, 6-4 (Groundball, 56)
Top of the 3rd over - 4 run(s), 5 hit(s), 0 error(s), 0 left on base; Mt. Vernon 4 - Connetquot 2
BOTTOM OF THE 3RD
Connetquot Chiefs batting - Pitching for Mt. Vernon Bulls : RHP Jorge Chávez
Batting: RHB Jesús Quintana 0-0: Ball
1-0: Ball
2-0: Swinging Strike
2-1: TRIPLE (Line Drive, 9LS)
Batting: RHB Geoffrey Broekhuizen 0-0: Ball
1-0: Ball
2-0: Ball
3-0: Called Strike
3-1: Foul Ball, location: 2F
3-2: Foul Ball, location: 2F
3-2: Foul Ball, location: 2F
3-2: Foul Ball, location: 2F
3-2: Base on Balls
Batting: RHB Dale Quick 0-0: Foul Ball, location: 2F
0-1: Ball
1-1: DOUBLE (Flyball, 78M)
Jesús Quintana scores
Geoffrey Broekhuizen to third
Batting: RHB Sang Hong-Do 0-0: Fly out, F8 (Flyball, 8RD)
Runner from 3rd tags up, SCORES, no throw
Dale Quick to third
Batting: RHB Otis Brewer 0-0: Ball
1-0: Called Strike
1-1: Ball
2-1: Foul Ball, location: 2F
2-2: Strikes out swinging
Batting: SHB Josh Sanders 0-0: Ball
1-0: Swinging Strike
1-1: Fly out, F4 (Popup, 4S)
Bottom of the 3rd over - 2 run(s), 2 hit(s), 0 error(s), 1 left on base; Mt. Vernon 4 - Connetquot 4
TOP OF THE 4TH
Mt. Vernon Bulls batting - Pitching for Connetquot Chiefs : RHP Min-gook Chong
Batting: SHB José Macías 0-0: Ground out 5-3 (Groundball, 2L)
Batting: RHB Louis Litt 0-0: Ground out 5-3 (Groundball, 56)
Batting: RHB Ryan Robbins 0-0: Foul Ball, location: 2F
0-1: Swinging Strike
0-2: Strikes out looking
Top of the 4th over - 0 run(s), 0 hit(s), 0 error(s), 0 left on base; Mt. Vernon 4 - Connetquot 4
BOTTOM OF THE 4TH
Connetquot Chiefs batting - Pitching for Mt. Vernon Bulls : RHP Jorge Chávez
Batting: RHB Javier Cordero 0-0: Ball
1-0: Called Strike
1-1: Foul Ball, location: 2F
1-2: Ball
2-2: Foul Ball, location: 2F
2-2: Ball
3-2: Strikes out swinging
Batting: RHB Mario Rivera 0-0: Called Strike
0-1: Ball
1-1: Foul Ball, location: 2F
1-2: SINGLE (Groundball, 6MD)
Batting: RHB Jim Unknown 0-0: Swinging Strike
0-1: Grounds into double play, 5-4-3 (Groundball, 56)
Bottom of the 4th over - 0 run(s), 1 hit(s), 0 error(s), 0 left on base; Mt. Vernon 4 - Connetquot 4
TOP OF THE 5TH
Mt. Vernon Bulls batting - Pitching for Connetquot Chiefs : RHP Min-gook Chong
Batting: RHB Noël Sassetti 0-0: Called Strike
0-1: Ball
1-1: Swinging Strike
1-2: Strikes out looking
Batting: SHB Marvin Fitton 0-0: Ground out 6-3 (Groundball, 6)
Batting: LHB Alex Reid 0-0: Swinging Strike
0-1: Ball
1-1: Foul Ball, location: 2F
1-2: Strikes out swinging
Top of the 5th over - 0 run(s), 0 hit(s), 0 error(s), 0 left on base; Mt. Vernon 4 - Connetquot 4
BOTTOM OF THE 5TH
Connetquot Chiefs batting - Pitching for Mt. Vernon Bulls : RHP Jorge Chávez
Batting: RHB Jesús Quintana 0-0: Swinging Strike
0-1: Foul Ball, location: 2F
0-2: Ball
1-2: Strikes out swinging
Batting: RHB Geoffrey Broekhuizen 0-0: Called Strike
0-1: Ball
1-1: Ball
2-1: Foul Ball, location: 2F
2-2: DOUBLE (Line Drive, 7)
Batting: RHB Dale Quick 0-0: Called Strike
0-1: Foul Ball, location: 2F
0-2: Foul Ball, location: 2F
0-2: Ball
1-2: Strikes out swinging
Batting: RHB Sang Hong-Do 0-0: Intentional Walk
Batting: RHB Otis Brewer 0-0: Foul Ball, location: 2F
0-1: Ball
1-1: Ball
2-1: Fielders Choice at 2nd, 6-4 (Groundball, 6)
Bottom of the 5th over - 0 run(s), 1 hit(s), 0 error(s), 1 left on base; Mt. Vernon 4 - Connetquot 4
TOP OF THE 6TH
Mt. Vernon Bulls batting - Pitching for Connetquot Chiefs : RHP Min-gook Chong
Batting: RHB Manny Álvarez 0-0: Ball
1-0: Swinging Strike
1-1: Fly out, F9 (Flyball, 9S)
Batting: RHB Rafael López 0-0: Foul Ball, location: 2F
0-1: Foul Ball, location: 2F
0-2: Ball
1-2: Strikes out swinging
Batting: RHB Ken Gardner 0-0: Ball
1-0: Ground out 1-3 (Groundball, 13S)
Top of the 6th over - 0 run(s), 0 hit(s), 0 error(s), 0 left on base; Mt. Vernon 4 - Connetquot 4
BOTTOM OF THE 6TH
Connetquot Chiefs batting - Pitching for Mt. Vernon Bulls : RHP Jorge Chávez
Batting: SHB Josh Sanders 0-0: Called Strike
0-1: SINGLE (Groundball, 34D)
Pitching: LHP Stephen Marchbanks
Batting: RHB Javier Cordero 0-0: Sac Bunt - play at first, batter OUT! 1-4
Josh Sanders to second
Batting: RHB Mario Rivera 0-0: Intentional Walk
Batting: RHB Jim Unknown 0-0: Ball
Josh Sanders steals 3rd base
Mario Rivera to second
1-0: Ball
2-0: Swinging Strike
2-1: Foul Ball, location: 2F
2-2: Strikes out swinging
Batting: RHB Jesús Quintana 0-0: Called Strike
0-1: Ball
1-1: Ball
2-1: Ball
3-1: Foul Ball, location: 2F
3-2: Ground out 6-3 (Groundball, 6MS)
Bottom of the 6th over - 0 run(s), 1 hit(s), 0 error(s), 2 left on base; Mt. Vernon 4 - Connetquot 4
TOP OF THE 7TH
Mt. Vernon Bulls batting - Pitching for Connetquot Chiefs : RHP Min-gook Chong
Pinch Hitting: RHB Jim Unknown 0-0: Ball
1-0: Called Strike
1-1: Ground out 6-3 (Groundball, 6)
Pinch Hitting: RHB Jim Unknown 0-0: Foul Ball, location: 2F
0-1: Ball
1-1: Ball
2-1: Foul Ball, location: 2F
2-2: Ball
3-2: Base on Balls
Pinch Hitting: RHB José Perea 0-0: Called Strike
0-1: Fly out, F4 (Popup, 34D)
Batting: RHB Noël Sassetti 0-0: Foul Ball, location: 2F
0-1: Ball
1-1: Ball
2-1: Fly out, F7 (Line Drive, 78D)
Top of the 7th over - 0 run(s), 0 hit(s), 0 error(s), 1 left on base; Mt. Vernon 4 - Connetquot 4
BOTTOM OF THE 7TH
Connetquot Chiefs batting - Pitching for Mt. Vernon Bulls : LHP Stephen Marchbanks
Now at 3B: Jim Unknown
Now in LF: Jim Unknown
Now in RF: Jim Unknown
Batting: RHB Geoffrey Broekhuizen 0-0: Ball
1-0: Foul Ball, location: 2F
1-1: Reached on error, E6 (Groundball, 6)
Batting: RHB Dale Quick 0-0: Sac Bunt - play at first, batter OUT! 2-4
Geoffrey Broekhuizen to second
Batting: RHB Sang Hong-Do 0-0: Intentional Walk
Pinch Runner at 2nd Emanuel Bree:
Batting: RHB Otis Brewer 0-0: Called Strike
0-1: Ball
1-1: Ball
2-1: Foul Ball, location: 2F
2-2: Grounds into double play, 6-4-3 (Groundball, 56)
Bottom of the 7th over - 0 run(s), 0 hit(s), 1 error(s), 1 left on base; Mt. Vernon 4 - Connetquot 4
TOP OF THE 8TH
Mt. Vernon Bulls batting - Pitching for Connetquot Chiefs : RHP Min-gook Chong
Now at 1B: Steve Sconiers
Batting: SHB Marvin Fitton 0-0: Ball
1-0: Ball
2-0: Ball
3-0: Base on Balls
Pitching: LHP Mario Hurrado
Batting: LHB Alex Reid 0-0: Ball
1-0: Called Strike
1-1: Grounds into double play, 4-6-3 (Groundball, 34)
Batting: RHB Manny Álvarez 0-0: Foul Ball, location: 2F
0-1: Called Strike
0-2: Foul Ball, location: 2F
0-2: Foul Ball, location: 2F
0-2: Ball
1-2: Strikes out looking
Top of the 8th over - 0 run(s), 0 hit(s), 0 error(s), 0 left on base; Mt. Vernon 4 - Connetquot 4
BOTTOM OF THE 8TH
Connetquot Chiefs batting - Pitching for Mt. Vernon Bulls : LHP Stephen Marchbanks
Batting: SHB Josh Sanders 0-0: Ball
1-0: Fly out, F2 (Popup, 2R)
Batting: RHB Javier Cordero 0-0: Ball
1-0: Ball
2-0: SINGLE (Line Drive, 34D)
Batting: RHB Mario Rivera 0-0: Grounds into double play, 1-6-3 (Groundball, P)
Bottom of the 8th over - 0 run(s), 1 hit(s), 0 error(s), 0 left on base; Mt. Vernon 4 - Connetquot 4
TOP OF THE 9TH
Mt. Vernon Bulls batting - Pitching for Connetquot Chiefs : LHP Mario Hurrado
Pitching: LHP Powell Beauregard
Batting: RHB Rafael López 0-0: TRIPLE (Line Drive, 8RD)
Pinch Runner at 3rd Anastasio Delgadilo:
Batting: RHB Ken Gardner 0-0: Fly out, F5 (Popup, 56S)
Batting: RHB Jim Unknown 0-0: Ball
1-0: Foul Ball, location: 2F
1-1: Fly out, F8 (Flyball, 8LM)
Runner from 3rd tags up, SCORES, no throw
Batting: RHB Jim Unknown 0-0: Called Strike
0-1: Ball
1-1: Ball
2-1: Ball
3-1: Reached on error, E6 (Groundball, 6S)
Batting: RHB Jim Unknown 0-0: Called Strike
0-1: Ball
1-1: Fly out, F9 (Flyball, 9S)
Top of the 9th over - 1 run(s), 1 hit(s), 1 error(s), 1 left on base; Mt. Vernon 5 - Connetquot 4
BOTTOM OF THE 9TH
Connetquot Chiefs batting - Pitching for Mt. Vernon Bulls : LHP Stephen Marchbanks
Pitching: LHP Felipe Vega
Now at C: Anastasio Delgadilo
Pinch Hitting: RHB Serafino Miceli 0-0: Called Strike
0-1: Ground out 5-3 (Groundball, 5)
Batting: RHB Jesús Quintana 0-0: Called Strike
0-1: Ball
1-1: Ball
2-1: Ball
3-1: Base on Balls
Pinch Hitting: RHB Sheldon Deshotels 0-0: Ball
1-0: Ball
2-0: Called Strike
2-1: Foul Ball, location: 2F
2-2: Ball
3-2: Ground out 5-3 (Groundball, 6)
Jesús Quintana to second
Batting: RHB Dale Quick 0-0: Called Strike
0-1: DOUBLE (Line Drive, 8RM)
Jesús Quintana scores
Batting: RHB Sang Hong-Do 0-0: Intentional Walk
Batting: RHB Otis Brewer 0-0: Ball
1-0: Ball
2-0: Called Strike
2-1: Ball
3-1: Base on Balls
Dale Quick to third
Sang Hong-Do to second
Batting: SHB Josh Sanders 0-0: Ball
1-0: Foul Ball, location: 2F
1-1: Ball
2-1: Ball
3-1: Fielders Choice at 2nd, 6-4 (Groundball, 6)
Bottom of the 9th over - 1 run(s), 1 hit(s), 0 error(s), 2 left on base; Mt. Vernon 5 - Connetquot 5
TOP OF THE 10TH
Mt. Vernon Bulls batting - Pitching for Connetquot Chiefs : LHP Powell Beauregard
Now at C: Jim Unknown
Now at 1B: Jim Unknown
Batting: RHB Noël Sassetti 0-0: Ball
1-0: Swinging Strike
1-1: Called Strike
1-2: Ball
2-2: Strikes out swinging
Batting: SHB Marvin Fitton 0-0: Hit by Pitch
Batting: LHB Alex Reid 0-0: Ball
1-0: Called Strike
1-1: Called Strike
1-2: Strikes out looking
Batting: RHB Manny Álvarez 0-0: SINGLE (Line Drive, 89M)
Marvin Fitton to second
Batting: SHB Anastasio Delgadilo 0-0: Swinging Strike
0-1: Ground out 4-3 (Groundball, 4M)
Top of the 10th over - 0 run(s), 1 hit(s), 0 error(s), 2 left on base; Mt. Vernon 5 - Connetquot 5
BOTTOM OF THE 10TH
Connetquot Chiefs batting - Pitching for Mt. Vernon Bulls : LHP Felipe Vega
Batting: RHB Javier Cordero 0-0: Foul Ball, location: 2F
0-1: Hit by Pitch
Pinch Runner at 1st Ed Gambrell:
Batting: RHB Mario Rivera 0-0: Ball
1-0: Bunted foul
1-1: Ball
2-1: Bunted foul
2-2: Fly out, F4 (Popup, 3L)
Batting: RHB Jim Unknown 0-0: Fly out, F6 (Popup, 6D)
Batting: RHB Jesús Quintana 0-0: Called Strike
0-1: Ball
1-1: Foul Ball, location: 2F
1-2: Ball
2-2: SINGLE (Line Drive, 7LM)
Ed Gambrell to second
Pinch Hitting: RHB Enrique García 0-0: Ball
Passed Ball!
Ed Gambrell to third
Jesús Quintana to second
1-0: Foul Ball, location: 2F
1-1: Foul Ball, location: 2F
1-2: Ground out 5-3 (Groundball, 56)
Bottom of the 10th over - 0 run(s), 1 hit(s), 0 error(s), 2 left on base; Mt. Vernon 5 - Connetquot 5
TOP OF THE 11TH
Mt. Vernon Bulls batting - Pitching for Connetquot Chiefs : LHP Powell Beauregard
Now at 1B: Pedro Colón
Now at SS: Ed Gambrell
Batting: RHB Ken Gardner 0-0: Ball
1-0: Called Strike
1-1: Called Strike
1-2: DOUBLE (Groundball, 5L)
Batting: RHB Jim Unknown 0-0: Ball
1-0: Ball
2-0: Called Strike
Ken Gardner is caught stealing 3rd base
2-1: Foul Ball, location: 2F
2-2: Ball
3-2: Strikes out looking
Batting: RHB Jim Unknown 0-0: Fly out, F7 (Line Drive, 78M)
Top of the 11th over - 0 run(s), 1 hit(s), 0 error(s), 0 left on base; Mt. Vernon 5 - Connetquot 5
BOTTOM OF THE 11TH
Connetquot Chiefs batting - Pitching for Mt. Vernon Bulls : LHP Felipe Vega
Pitching: LHP José Álvarez
Batting: RHB Dale Quick 0-0: Ball
1-0: Foul Ball, location: 2F
1-1: Ball
2-1: SINGLE (Line Drive, 5)
Batting: RHB Sang Hong-Do 0-0: Sac Bunt - play at first, batter OUT! 2-3
Dale Quick to second
Batting: RHB Otis Brewer 0-0: Intentional Walk
Batting: SHB Josh Sanders 0-0: Ball
1-0: Foul Ball, location: 2F
1-1: SINGLE (Groundball, 6MD)
Dale Quick to third
Otis Brewer to second
Runner from 3rd tries for Home, SAFE, no throw
Friday, December 30th, 2016 - OOTP Baseball 17.12 Build 75